Map: Temple gelé

Players

karls

  • Race: Protoss Protoss
  • League: Platinum
  • Spawn Location: 11:00

zidar - Winner!

  • Race: Zerg Zerg
  • League: Platinum
  • Spawn Location: 5:00

VOD

Have the link to the VOD?

Description

Time

  • Played on: Oct. 6, 2016, 3:14 p.m.
  • Length: 12:02
Show
View Real Time Build Order
Export as new Build Order

karls Protoss 

Build Orders:  

Get SALT Encoding   

  12  0:01  Probe (Chrono Boost)  
  13  0:20  Pylon  
  13  0:23  Probe (Chrono Boost)  
  14  0:33  Probe (Chrono Boost)  
  15  0:42  Gateway  
  15  0:46  Probe (Chrono Boost)  
  16  0:51  Assimilator  
  16  0:56  Probe (Chrono Boost)  
  17  0:57  Assimilator  
  17  1:07  Probe (Chrono Boost)  
  17  1:09  Pylon  
  18  1:17  Probe (Chrono Boost)  
  19  1:26  Gateway  
  19  1:49  Pylon  
  19  1:54  Zealot (Chrono Boost)  
  20  2:02  Probe (Chrono Boost)  
  20  2:08  Cybernetics Core  
  21  2:09  Gateway  
  21  2:16  Pylon  
  21  2:22  Zealot (Chrono Boost)  
  23  2:34  Zealot (Chrono Boost)  
  25  2:38  Probe (Chrono Boost)  
  25  2:44  Warp Gate (Chrono Boost)  
  26  2:50  Mothership Core (Chrono Boost)  
  28  3:02  Adept (Chrono Boost)  
  30  3:09  Probe (Chrono Boost)  
  31  3:27  Nexus  
  31  3:46  Pylon  
  31  4:03  Probe  
  31  4:05  Sentry x2  
  26  4:26  Probe (Chrono Boost)  
  27  4:37  Probe (Chrono Boost)  
  28  4:45  Stalker  
  30  4:48  Probe (Chrono Boost)  
  31  4:57  Adept  
  31  4:58  Adept  
  35  5:02  Probe (Chrono Boost)  
  36  5:15  Adept  
  36  5:17  Adept  
  40  5:34  Probe x2 (Chrono Boost)  
  42  5:41  Pylon  
  42  5:44  Probe (Chrono Boost)  
  42  5:45  Probe (Chrono Boost)  
  44  5:55  Probe x2 (Chrono Boost)  
  46  6:06  Probe x2 (Chrono Boost)  
  48  6:16  Adept x2, Probe (Chrono Boost)  
  53  6:45  Stalker x3  
  51  7:12  Pylon  
  48  7:23  Pylon  
  38  7:31  Stalker  
  38  7:33  Stalker  
  32  7:55  Adept x3  
  38  8:04  Probe x2 (Chrono Boost)  
  40  8:17  Probe x2 (Chrono Boost)  
  42  8:21  Adept x2  
  42  8:22  Adept  
  48  8:27  Probe x2 (Chrono Boost)  
  50  8:38  Probe x2 (Chrono Boost)  
  52  8:48  Probe x2 (Chrono Boost)  
  52  8:59  Probe (Chrono Boost), Stalker  
  52  9:00  Stalker x2  
  59  9:12  Probe x2 (Chrono Boost)  
  59  9:14  Pylon  
  61  9:17  Pylon  
  61  9:23  Probe x2 (Chrono Boost)  
  57  10:02  Stalker x2  
  61  10:18  Stalker  
  51  10:38  Adept  
  51  10:39  Adept  
  51  11:01  Assimilator  
  51  11:03  Assimilator  
  51  11:05  Zealot  
  51  11:06  Zealot x2  
  57  11:26  Gateway  
  57  11:28  Gateway  
  57  11:30  Gateway  
  53  11:35  Gateway  
  45  11:40  Zealot x3  
Show
View Real Time Build Order
Export as new Build Order

zidar Zerg - Winner!

Build Orders: Pool First 

Get SALT Encoding   

  12  0:02  Drone  
  13  0:12  Overlord  
  13  0:18  Drone  
  14  0:31  Drone x2  
  16  0:44  Spawning Pool  
  16  0:47  Drone  
  17  1:25  Drone  
  17  1:29  Extractor  
  17  1:32  Zergling x4  
  18  1:34  Hatchery  
  18  1:36  Queen  
  19  1:44  Drone  
  20  2:12  Drone  
  20  2:14  Roach Warren, Drone x2  
  22  2:29  Evolution Chamber  
  21  2:40  Zergling x2  
  21  2:44  Overlord x2  
  22  2:46  Metabolic Boost  
  22  2:56  Zergling x2  
  23  3:05  Zergling x6  
  26  3:31  Zergling x10  
  26  3:32  Zergling x4  
  21  4:32  Drone x9  
  21  4:34  Queen  
  32  4:49  Extractor  
  31  4:53  Drone x2  
  33  5:13  Roach x4  
  33  5:14  Roach  
  43  5:29  Zerg Ground Armor Level 1  
  43  5:36  Overlord x3  
  43  5:57  Roach x8  
  59  6:18  Roach x4  
  67  6:23  Overlord x2  
  57  7:27  Roach  
  57  7:28  Roach x5  
  51  7:45  Roach x3  
  53  8:06  Roach  
  53  8:07  Roach x3  
  61  8:18  Ravager x4  
  65  8:21  Overlord x2  
  61  8:55  Roach x11  
  83  8:57  Ravager  
  84  9:07  Zergling x2  
  84  9:08  Zergling x6  
  88  9:13  Ravager  
  86  9:53  Roach  
  86  9:54  Roach x5  
  71  10:30  Roach x10  
  71  10:32  Zergling x8  
  95  11:05  Overlord  
Tags
 
Add a new tag
Caveats
  • Supply blocks, unpowered buildings, or Contaminate may cause inaccurate times.
  • Supply counts are checked every 10 seconds.